 Dungeon Crawl Stone Soup version 0.23-a0-171-g5ae17c6 (webtiles) character file.

7427 HarryHood the Basher (level 11, -20/74 HPs)
             Began as a Gargoyle Berserker on Sept 13, 2018.
             Was a High Priest of Trog.
             Demolished by a two-headed ogre
             ... wielding a +2 great mace of crushing
              (21 damage)
             ... on level 9 of the Dungeon.
             The game lasted 00:35:01 (8504 turns).

HarryHood the Basher (Gargoyle Berserker)           Turns: 8504, Time: 00:35:02

Health: -20/74     AC: 21    Str: 22    XL:     11   Next: 15%
Magic:  11/11      EV:  7    Int:  9    God:    Trog [*****.]
Gold:   501        SH:  4    Dex: 10    Spells: 10/10 levels left

rFire    + . .     SeeInvis .   a - +0 flail
rCold    . . .     Gourm    .   (no shield)
rNeg     + . .     Faith    .   v - +0 plate armour
rPois    ∞         Spirit   .   (no helmet)
rElec    +         Reflect  +   (no cloak)
rCorr    .         Harm     .   (no gloves)
MR       .....     Rnd*Tele +   (no boots)
Stlth    ..........             j - +4 amulet of reflection
HPRegen  0.22/turn              l - ring of protection from fire
MPRegen  0.12/turn              z - ring of teleportation (curse)

@: no status effects
A: negative energy resistance 1, electricity resistance, teleportitis 1,
unbreathing, petrification resistance, rot immunity, AC +8
a: Berserk, Trog's Hand, Brothers in Arms, Renounce Religion


You were on level 9 of the Dungeon.
You worshipped Trog.
Trog was extremely pleased with you.
You were not hungry.

You visited 2 branches of the dungeon, and saw 10 of its levels.

You collected 501 gold pieces.

Inventory:

Hand Weapons
 a - a +0 flail (weapon)
 b - a +2 hunting sling of velocity
Missiles
 f - 197 stones (quivered)
 m - 59 sling bullets
Armour
 q - a +0 troll leather armour
 v - a +0 plate armour (worn)
Jewellery
 j - a +4 amulet of reflection (around neck)
 l - a ring of protection from fire (left hand)
 z - a cursed ring of teleportation (right hand)
Wands
 x - a wand of polymorph (9)
Scrolls
 g - 3 scrolls of teleportation {@r0}
 i - a scroll of fog
 n - a scroll of enchant weapon
 r - a scroll of identify
Potions
 d - 7 potions of curing {@q2}
 e - 6 potions of heal wounds {@q1}
 h - 2 potions of brilliance
 k - a potion of mutation {!q}
 o - a potion of magic
 p - a potion of lignification {!q}
 s - 3 potions of flight
 t - a potion of invisibility {unknown}
 u - a potion of haste {unknown}
Comestibles
 c - 12 rations {@e1}
 w - 5 chunks of flesh


   Skills:
 + Level 11.1 Fighting
 * Level 12.1 Maces & Flails
 - Level 7.7 Armour
 - Level 1.5 Dodging


You had 10 spell levels left.
You didn't know any spells.
Your spell library was empty.

Dungeon Overview and Level Annotations

Branches:
Dungeon (9/15)             Temple (1/1) D:4
   Lair: D:8-11         Orc: D:9-12

Altars:

Shops:
D:6 %


Innate Abilities, Weirdness & Mutations

You are resistant to torment.
Your stone body is resilient. (AC +8)
You are immune to poison.
You resist negative energy. (rN+)
You are resistant to electric shocks. (rElec)
You can survive without breathing.
You are immune to petrification.
You are immune to rotting.
You are occasionally teleported next to monsters.


Message History

You completely miss the two-headed ogre.
The two-headed ogre hits you but does no damage.
You block the two-headed ogre's attack.
You hit the two-headed ogre but do no damage.
You hit the two-headed ogre.
The two-headed ogre hits you with a great mace of crushing!
The two-headed ogre hits you with a giant spiked club!
You take 31 damage, and have 32/74 hp.
MASSIVE DAMAGE!!
You closely miss the two-headed ogre. You hit the two-headed ogre.
The two-headed ogre hits you with a great mace of crushing!
* * * LOW HITPOINT WARNING * * *
x2 The two-headed ogre hits you with a giant spiked club!
* * * LOW HITPOINT WARNING * * *
You take 26 damage, and have 6/74 hp.
MASSIVE DAMAGE!!
You sock the two-headed ogre!
The two-headed ogre hits you with a great mace of crushing.
* * * LOW HITPOINT WARNING * * *
x2 The two-headed ogre hits you with a giant spiked club!!
You die...

............#▒▒....▒▒
...#...#...≈# ▒▒▒▒▒.##
#.###.###≈≈≈#≈ ▒#≈#
≈≈≈#≈≈≈#≈≈.##≈ ####≈≈##
≈≈≈.≈≈≈≈≈.##≈≈≈#≈≈#≈≈≈#
≈≈≈≈≈≈≈≈P.#≈≈≈≈#≈≈#≈≈.#
≈.P≈≈≈≈..##≈≈≈≈#≈≈#≈.P#
..?.P≈P..#≈≈≈≈≈≈≈≈≈...#
#P....#.##.P.≈≈O@....P#
#..#.P#.#≈..P.≈P...P.##
.#.#...##......P..P.##
###.P..# .P##.P...P##
##### # ########


You could see a two-headed ogre.

Vanquished Creatures
  Harold (D:8)
  A two-headed ogre (D:8)
  Pikel (D:6)
  The ghost of dialectric the Poker, a novice DsBe of Trog (D:6)
  Joseph (D:8)
  A queen bee (D:8)
  A troll (D:7)
  Prince Ribbit (D:6)
  A hippogriff (D:9)
  6 yaks (D:9)
  The ghost of Ru the Chopper, an amateur DsFi (D:4)
  2 ice beasts
  2 orc warriors
  A sky beast (D:8)
  An ogre (D:7)
  A black bear (D:8)
  3 centaurs
  A big kobold (D:9)
  3 bullfrogs
  A water moccasin zombie (D:5)
  4 scorpions
  13 killer bees (D:8)
  An electric eel (D:9)
  2 crimson imps
  A bullfrog zombie (D:7)
  8 hounds
  A jelly (D:9)
  2 orc priests
  A bullfrog skeleton (D:6)
  2 iguanas
  12 orc wizards
  5 worker ants
  A hound zombie (D:8)
  2 hound skeletons
  A worker ant zombie (D:6)
  8 adders
  A howler monkey skeleton (D:8)
  3 shadow imps
  2 oozes
  An adder skeleton (D:8)
  2 worms (D:2)
  3 dart slugs
  5 leopard geckos
  29 orcs
  4 giant cockroaches
  5 goblins
  5 hobgoblins
  12 jackals
  2 quokkas
  7 bats
  2 frilled lizards (D:1)
  2 kobolds (D:9)
  A leopard gecko skeleton (D:4)
  A quokka skeleton (D:6)
  A quokka zombie (D:9)
  7 rats
190 creatures vanquished.

Vanquished Creatures (others)
  A slave (D:6)
  2 withered plants (D:6)
3 creatures vanquished.

Grand Total: 193 creatures vanquished

Notes
Turn   | Place    | Note
-------+----------+-------------------------------------------
     0 | D:1      | HarryHood the Gargoyle Berserker began the quest for the
                  | Orb.
     0 | D:1      | Reached XP level 1. HP: 14/14 MP: 1/1
   184 | D:1      | Reached XP level 2. HP: 13/19 MP: 2/2
   754 | D:2      | Reached skill level 4 in Maces & Flails
   932 | D:2      | Reached XP level 3. HP: 20/23 MP: 3/3
  1599 | D:3      | Reached ** piety under Trog
  1740 | D:3      | Found a faded altar of an unknown god.
  1832 | D:3      | Reached XP level 4. HP: 27/28 MP: 4/4
  1931 | D:3      | Reached skill level 5 in Maces & Flails
  2558 | D:4      | Reached XP level 5. HP: 26/32 MP: 5/5
  2617 | D:4      | Reached skill level 6 in Maces & Flails
  2632 | D:4      | Found a staircase to the Ecumenical Temple.
  2641 | Temple   | Entered the Ecumenical Temple
  2751 | D:4      | Found a runed door.
  2752 | D:4      | Noticed Ru's ghost (amateur DsFi)
  3058 | D:4      | Reached skill level 4 in Fighting
  3058 | D:4      | Reached XP level 6. HP: 38/38 MP: 6/6
  3235 | D:4      | Killed Ru's ghost
  3235 | D:4      | Reached skill level 5 in Fighting
  3279 | D:5      | Entered Level 5 of the Dungeon
  3303 | D:5      | Reached skill level 6 in Fighting
  3303 | D:5      | Reached XP level 7. HP: 39/46 MP: 7/7
  3355 | D:5      | Reached *** piety under Trog
  3699 | D:5      | Reached skill level 7 in Maces & Flails
  4171 | D:6      | Reached skill level 8 in Maces & Flails
  4171 | D:6      | Reached XP level 8. HP: 36/51 MP: 8/8
  4182 | D:6      | Noticed Pikel
  4215 | D:6      | Killed Pikel
  4215 | D:6      | Reached skill level 9 in Maces & Flails
  4243 | D:6      | Noticed Prince Ribbit
  4253 | D:6      | Killed Prince Ribbit
  4779 | D:6      | Got a slimy leather armour
  4870 | D:6      | Noticed dialectric's ghost (novice DsBe)
  4871 | D:6      | Found a runed door.
  4947 | D:6      | Reached skill level 7 in Fighting
  4955 | D:6      | Reached XP level 9. HP: 44/59 MP: 9/9
  4963 | D:6      | Reached skill level 8 in Fighting
  5140 | D:6      | Identified the +1 leather armour "Ukhlifa" {*Contam Slay+5}
                  | (You found it on level 6 of the Dungeon)
  5198 | D:6      | Found Beal's Food Shoppe.
  5205 | D:6      | Gained mutation: You are occasionally teleported next to
                  | monsters. [mutagenic glow]
  5630 | D:6      | Killed dialectric's ghost
  5630 | D:6      | Reached skill level 9 in Fighting
  5821 | D:7      | Reached skill level 3 in Armour
  5868 | D:7      | Reached **** piety under Trog
  5976 | D:7      | Noticed a troll
  5987 | D:7      | Killed a troll
  5987 | D:7      | Reached skill level 4 in Armour
  6041 | D:7      | Reached skill level 5 in Armour
  6698 | D:8      | Noticed a two-headed ogre
  6709 | D:8      | Killed a two-headed ogre
  6709 | D:8      | Reached skill level 7 in Armour
  6709 | D:8      | Reached XP level 10. HP: 66/66 MP: 10/10
  6797 | D:8      | Noticed Joseph
  6930 | D:8      | Reached skill level 10 in Maces & Flails
  6983 | D:8      | Killed Joseph
  7104 | D:8      | Noticed Harold
  7131 | D:8      | Killed Harold
  7131 | D:8      | Reached skill level 10 in Fighting
  7181 | D:8      | Reached skill level 11 in Maces & Flails
  7732 | D:8      | Reached ***** piety under Trog
  8145 | D:9      | Reached XP level 11. HP: 73/73 MP: 11/11
  8170 | D:9      | Reached skill level 11 in Fighting
  8188 | D:9      | Reached skill level 12 in Maces & Flails
  8493 | D:9      | Noticed a two-headed ogre
  8503 | D:9      | HP: 6/74 [two-headed ogre/great mace of crushing (8)]
  8504 | D:9      | HP: 2/74 [two-headed ogre/great mace of crushing (5)]
  8504 | D:9      | Demolished by a two-headed ogre

Vault maps used:
D:1:      sevenhm_arrival_forest_fort_large_4, minmay_tall_x
D:2:      first_ration
D:3:      chequers_ecumenical_altar_grove, minmay_misc_feat_rows
D:4:      temple_fountains, ebering_ghost_sewer_d
D:5:      cheibrodos_quashed
D:6:      nicolae_overflow_hidden_temple, serial_shops, nicolae_shop_stone,
          gammafunk_ghost_grave, nrook_mini_vaults, uniq_prince_ribbit1,
          uniq_pikel
D:8:      david_nohive_1, uniq_joseph, uniq_harold
D:9:      wad_lake_hut, ebering_ghost_disaster_area, grunt_ministairs_14,
          nicolae_benzene_ring
Temple:   roderic_octagonal_lattice_temple

Skill      XL: |  1  2  3  4  5  6  7  8  9 10 11 |
---------------+----------------------------------+-----
Maces & Flails | 4 5 6 8 9 11 12 | 12.1
Fighting       | 4 6 7 9 10 11 | 11.1
Armour         | 7 |  7.7
Dodging        | |  1.5

Action                   |  1- 3 |  4- 6 |  7- 9 | 10-12 || total
-------------------------+-------+-------+-------+-------++-------
Melee: Mace              |   112 |   108 |       |       ||   220
       Flail             |       |    42 |   352 |   434 ||   828
Invok: Berserk           |       |       |     3 |       ||     3
       Trog's Hand       |       |       |       |     1 ||     1
Evoke: Wand              |       |       |       |     2 ||     2
  Use: Scroll            |     6 |     5 |     6 |     5 ||    22
  Eat: Chunk             |     3 |     5 |    10 |     7 ||    25
       Ration            |       |       |     1 |       ||     1
Armor: Animal skin       |    26 |       |       |       ||    26
       Chain mail        |    29 |    86 |    99 |       ||   214
       Plate armour      |       |       |    77 |   273 ||   350
Dodge: Dodged            |    65 |    56 |   107 |   126 ||   354
Block: Other             |     8 |    24 |    53 |    75 ||   160
       Reflection        |       |       |     1 |     2 ||     3

Table legend:
 A = Non-vault XP
 B = Vault XP
 C = Vault XP percentage of total XP
 D = Non-vault monster count
 E = Vault monster count
 F = Vault count percentage of total count
                 A         B        C        D         E       F
            +---------+---------+-------+---------+---------+-------
      Total |    6219 |    4392 |  41.4 |     161 |      29 |  15.3
            +---------+---------+-------+---------+---------+-------
        D:1 |      11 |       6 |  35.3 |       8 |       4 |  33.3
        D:2 |      37 |       0 |   0.0 |      14 |       0 |   0.0
        D:3 |      54 |       0 |   0.0 |      18 |       0 |   0.0
        D:4 |     266 |     200 |  42.9 |      16 |       2 |  11.1
        D:5 |     502 |       0 |   0.0 |      15 |       0 |   0.0
        D:6 |     810 |    1412 |  63.5 |      22 |       3 |  12.0
        D:7 |     774 |       0 |   0.0 |      19 |       0 |   0.0
        D:8 |    1673 |    2567 |  60.5 |      27 |      16 |  37.2
        D:9 |    2092 |     207 |   9.0 |      22 |       4 |  15.4
            +---------+---------+-------+---------+---------+-------
